 Dungeon Crawl Stone Soup version 0.20-a0-613-g92415a4 (webtiles) character file.

573 Deathtrap2010 the Chopper (level 7, -2/58 (61) HPs)
             Began as a Minotaur Fighter on Feb 9, 2017.
             Was an Initiate of Cheibriados.
             Slain by a bullfrog skeleton (3 damage)
             ... on level 5 of the Dungeon.
             The game lasted 00:13:04 (2349 turns).

Deathtrap2010 the Chopper (Minotaur Fighter)        Turns: 2349, Time: 00:13:05

HP:   -2/58 (61)    AC:  7    Str: 24    XL:     7   Next: 12%
MP:   6/6           EV:  8    Int:  6    God:    Cheibriados [......]
Gold: 127           SH: 10    Dex: 10    Spells: 6/6 levels left

rFire    . . .     SeeInvis +   a - +0 war axe
rCold    . . .     Gourm    .   b - +0 scale mail
rNeg     . . .     Faith    .   c - +0 shield
rPois    .         Spirit   .   (helmet restricted)
rElec    .         Reflect  .   (no cloak)
rCorr    .         Harm     .   (no gloves)
MR       .....                  (no boots)
Stlth    ..........             (no amulet)
Regen    0.0/turn               (no ring)
                                i - ring of see invisible

@: non-regenerating, mildly diseased, very slow
A: retaliatory headbutt, horns 2
a: Bend Time, Renounce Religion


You were on level 5 of the Dungeon.
You worshipped Cheibriados.
Cheibriados was noncommittal.
You were not hungry.

You visited 2 branches of the dungeon, and saw 5 of its levels.

You collected 127 gold pieces.

Inventory:

Hand Weapons
 a - a +0 war axe (weapon)
Missiles
 e - 145 stones (quivered)
Armour
 b - a +0 scale mail (worn)
 c - a +0 shield (worn)
Jewellery
 i - a ring of see invisible (left hand)
Potions
 d - a potion of might
Comestibles
 f - 3 bread rations
 h - a royal jelly


   Skills:
 * Level 5.2 Fighting
 * Level 5.9 Axes
 * Level 5.3 Armour
 + Level 1.5 Dodging
 * Level 5.6 Shields


You had 6 spell levels left.
You didn't know any spells.

Dungeon Overview and Level Annotations

Branches:
Dungeon (5/15)             Temple (1/1) D:4

Altars:
Ashenzari
Cheibriados
Dithmenos
Elyvilon
Fedhas
Gozag
Hepliaklqana
Kikubaaqudgha
Makhleb
Nemelex Xobeh
Okawaru
Qazlal
Ru
Sif Muna
Trog
Uskayaw
Vehumet
Xom
Yredelemnul
Zin
The Shining One


Innate Abilities, Weirdness & Mutations

You reflexively headbutt those who attack you in melee.
You have a pair of horns on your head.


Message History

You kill the jackal!
Cheibriados thoroughly appreciates the change of pace.
You feel sick.
You see here a jackal corpse.
You feel sick.
You feel sick.
You feel sick.
You feel sick.
You are no longer poisoned.
A bullfrog skeleton comes into view.
You see here a scorpion corpse.
You barely miss the bullfrog skeleton.
You block the bullfrog skeleton's attack.
The bullfrog skeleton hits you.
* * * LOW HITPOINT WARNING * * *
You hit the bullfrog skeleton.
The bullfrog skeleton is lightly damaged.
You block the bullfrog skeleton's attack.
The bullfrog skeleton hits you.
You die...

....###.##. #.# .# ..
..........#####†#.##.. .
...# ###....†.†.....
###.##..# #...###........
#.......####.#..........##
#..##.##.....###......#
#........#### #......#
###..#.### .....?.# #..Z@#
.......# ###### #.......#


You could see a bullfrog skeleton.

Vanquished Creatures
  An ice beast (D:5)
  A necrophage (D:5)
  2 scorpions
  A crimson imp (D:5)
  A jelly (D:4)
  A bullfrog skeleton (D:4)
  A hound (D:4)
  2 worker ants
  4 gnolls
  3 adders
  An ooze (D:1)
  An adder skeleton (D:4)
  4 dart slugs (D:1)
  A leopard gecko (D:1)
  4 ball pythons
  3 bats (D:1)
  3 giant cockroaches
  3 goblins
  A hobgoblin (D:1)
  3 jackals (D:5)
  A quokka (D:2)
  2 frilled lizards
  5 kobolds
  A leopard gecko zombie (D:5)
  18 rats (D:2)
  4 bushes (Temple)
  4 plants (Temple)
76 creatures vanquished.

Notes
Turn   | Place    | Note
-------+----------+-------------------------------------------
     0 | D:1      | Deathtrap2010 the Minotaur Fighter began the quest for the Orb.
     0 | D:1      | Reached XP level 1. HP: 19/19 MP: 0/0
   233 | D:1      | Reached XP level 2. HP: 11/27 MP: 1/1
   424 | D:1      | Reached XP level 3. HP: 23/33 MP: 2/2
   820 | D:2      | Reached XP level 4. HP: 27/40 MP: 3/3
  1079 | D:2      | You fall through a shaft for 2 floors!
  1114 | D:4      | Reached XP level 5. HP: 32/47 MP: 4/4
  1161 | D:4      | Reached skill level 5 in Shields
  1290 | D:4      | Found a staircase to the Ecumenical Temple.
  1299 | Temple   | Entered the Ecumenical Temple
  1672 | Temple   | Became a worshipper of Cheibriados the Contemplative
  2167 | D:4      | Reached skill level 5 in Armour
  2167 | D:4      | Reached XP level 6. HP: 51/53 MP: 5/5
  2283 | D:5      | Entered Level 5 of the Dungeon
  2285 | D:5      | Reached skill level 5 in Axes
  2285 | D:5      | Reached skill level 1 in Dodging
  2314 | D:5      | Reached skill level 5 in Fighting
  2316 | D:5      | Noticed an ice beast
  2326 | D:5      | Killed an ice beast
  2326 | D:5      | Reached XP level 7. HP: 7/58 MP: 6/6
  2338 | D:5      | HP: 2/58 [poisoned by a worker ant]
  2348 | D:5      | HP: 1/58 [bullfrog skeleton (1)]
  2349 | D:5      | Slain by a bullfrog skeleton

Vault maps used:
D:1:      minmay_arrival_shattered_statue
D:2:      minmay_tree_intersection, minmay_rat_hole, uniq_robin, uniq_sigmund
D:4:      minmay_temple_entry_enclosed_plants, portal_sewer_entry_d
D:5:      first_bread
Temple:   kilobyte_greek_temple

Skill      XL: |  1  2  3  4  5  6 |
---------------+-------------------+-----
Shields        | 4 5 |  5.6
Armour         | 4 5 |  5.3
Fighting       | 4 5 |  5.2
Axes           | 3 4 5 |  5.9
Dodging        | 1 |  1.5

Action                   |  1- 3 |  4- 6 |  7- 9 || total
-------------------------+-------+-------+-------++-------
Melee: War axe           |    48 |   240 |     3 ||   291
       Headbutt          |     6 |    72 |       ||    78
  Use: Potion            |     1 |     3 |       ||     4
       Scroll            |     3 |     3 |       ||     6
  Eat: Bread ration      |       |     1 |       ||     1
       Meat ration       |       |     1 |       ||     1
Armor: Scale mail        |    25 |    46 |       ||    71
Dodge: Dodged            |    21 |    21 |       ||    42
Block: Shield            |    34 |    55 |     3 ||    92
